 Dungeon Crawl Stone Soup version 0.26.1-11-gd32895ea62 (webtiles) character file.

Game seed: 1443213671823871604

68 Zeld the Poker (level 4, -5/33 HPs)
             Began as a Merfolk Gladiator on May 25, 2021.
             Was an Initiate of Ashenzari.
             Slain by Natasha (7 damage)
             ... on level 2 of the Dungeon.
             The game lasted 00:03:25 (2010 turns).

Zeld the Poker (Merfolk Gladiator)                  Turns: 2010, Time: 00:03:26

Health: -5/33      AC:  4    Str: 15    XL:     4   Next: 19%
Magic:  4/4        EV: 14    Int:  7    God:    Ashenzari [......]
Gold:   105        SH:  0    Dex: 15    Spells: 3/3 levels left

rFire    . . .     SeeInvis .   a - +0 trident
rCold    . . .     Faith    .   (no shield)
rNeg     . . .     Spirit   .   b - +0 leather armour
rPois    .         Reflect  .   c - +0 helmet
rElec    .         Harm     .   (no cloak)
rCorr    .         Rampage  .   (no gloves)
Will     .....                  (no boots)
Stlth    +.........             (no amulet)
HPRegen  0.11/turn              (no ring)
MPRegen  0.09/turn              (no ring)

@: slowed, very slow
A: change form in water, swift swim, stealthy swim
a: Renounce Religion, Curse Item


You were on level 2 of the Dungeon.
You worshipped Ashenzari.
Ashenzari was noncommittal.
You visited 1 branch of the dungeon, and saw 2 of its levels.

You collected 105 gold pieces.

Inventory:

Hand Weapons
 a - a +0 trident (weapon)
Missiles
 d - 3 throwing nets (quivered)
Armour
 b - a +0 leather armour (worn)
 c - a +0 helmet (worn)
Jewellery
 o - an uncursed ring of protection from cold
Scrolls
 f - 3 scrolls of identify {unknown}
 h - a scroll of random uselessness {unknown}
 k - a scroll of noise {unknown}
 m - a scroll of amnesia {unknown}
 n - a scroll of teleportation {unknown}
Potions
 e - a potion of resistance {unknown}
 g - 3 potions of heal wounds {unknown}
 i - a potion of brilliance {unknown}
 j - a potion of flight {unknown}
 l - a potion of curing {unknown}
 p - a potion of attraction {unknown}


   Skills:
 - Level 2.1 Fighting
 * Level 5.9 Polearms
 * Level 3.3 Throwing
 - Level 4.0 Dodging


You had 3 spell levels left.
You didn't know any spells.
Your spell library was empty.

Dungeon Overview and Level Annotations

Branches:
Dungeon (2/15)

Altars:
Ashenzari
Elyvilon
Gozag
Makhleb

Annotations:
D:2 Natasha


Message History

Natasha is severely wounded.
The iron imp shouts, "Quit, thou defiled toot-wallowing flim-flammer!"
Natasha completely misses you.
You miss Natasha.
Natasha is severely wounded.
Natasha completely misses you. Natasha casts a spell at you.
The magic dart hits you.
You barely miss Natasha.
Natasha is severely wounded.
Natasha stares at you and mumbles some strange words.
You resist with some effort.
You barely miss Natasha.
Natasha is severely wounded.
Natasha hisses.
Natasha stares at you and mumbles some strange words.
The magic dart hits you!
* * * LOW HITPOINT WARNING * * *
Natasha claws you!
You die...

#.#..#.#####.#############..#.
#....#.# #.# #.........
##...#.# #.# #.###.....
#...#.# #.# #.#.......
#####...#.#####.# #.#.####..
..†.†...#.......# #.#.......
######..........# #.#.#.....
#..........########.#<..####
#.>........@.....#..........
##...#####h#####.###########
#...# #5.w......
#...#_.$.$.$.$.$..
#...#8$.#........#
#...#####.#####.## ..# # ...[
###.


You could see an iron imp (summoned) and Natasha.

Vanquished Creatures
  2 adders (D:2)
  A dart slug (D:1)
  2 leopard geckos
  A ball python (D:1)
  2 giant cockroaches
  9 goblins
  6 hobgoblins (D:1)
  3 jackals (D:2)
  A quokka (D:2)
  2 bats (D:1)
  3 frilled lizards
  6 kobolds
  4 rats
42 creatures vanquished.

Notes
Turn   | Place    | Note
-------+----------+-------------------------------------------
     0 | D:1      | Zeld the Merfolk Gladiator began the quest for the Orb.
     0 | D:1      | Reached XP level 1. HP: 16/16 MP: 1/1
   343 | D:1      | Reached XP level 2. HP: 22/22 MP: 2/2
   535 | D:1      | Reached skill level 5 in Polearms
   785 | D:1      | Reached XP level 3. HP: 27/27 MP: 3/3
  1669 | D:2      | Found a burning altar of Makhleb.
  1672 | D:2      | Found a broken altar of Ashenzari.
  1672 | D:2      | Found a white marble altar of Elyvilon.
  1691 | D:2      | Became a worshipper of Ashenzari the Shackled
  1851 | D:2      | Reached XP level 4. HP: 27/33 MP: 4/4
  1999 | D:2      | Noticed Natasha
  2000 | D:2      | Found an opulent altar of Gozag.
  2010 | D:2      | Slain by Natasha

Illustrated notes

Levels and vault maps discovered:
D:1:      dpeg_arrival_ternary, layout_loops_corners,
          chequers_serial_rivers_small_3
D:2:      layout_basic, grunt_gozag_breadcrumbs, grunt_temple_overflow_diamond,
          uniq_natasha

Skill      XL: |  1  2  3 |
---------------+----------+-----
Polearms       | 5 |  5.9
Throwing       | 3 |  3.3
Fighting       | |  2.1
Dodging        | |  4.0

Action                   |  1- 3 |  4- 6 || total
-------------------------+-------+-------++-------
Melee: Trident           |   108 |    14 ||   122
       Tailslap          |     1 |       ||     1
 Stab: Sleeping          |     2 |       ||     2
Armor: Leather armour    |    22 |     2 ||    24
Dodge: Dodged            |    69 |     9 ||    78
